 Dungeon Crawl Stone Soup version 0.25-a0-290-g4a1327ee3a (webtiles) character file.

Game seed: 523543167748421162, levelgen mode: deterministic

4733 floatRand the Blocker (level 10, -1/82 HPs)
             Began as a Gnoll Fighter on Dec 14, 2019.
             Was an Elder of Cheibriados.
             Slain by a frost giant
             ... wielding a +0 battleaxe of freezing
              (31 damage)
             ... on level 9 of the Dungeon.
             The game lasted 00:11:02 (8391 turns).

floatRand the Blocker (Gnoll Fighter)               Turns: 8391, Time: 00:11:03

Health: -1/82      AC:  3    Str: 30      XL:     10   Next: 46%
Magic:  3/17       EV: 15    Int: 26      God:    Cheibriados [****..]
Gold:   467        SH: 13    Dex: 23 (24) Spells: 13/19 levels left

rFire    . . .     SeeInvis .   C - +2 spear (venom)
rCold    + . .     Gourm    .   c - +0 shield
rNeg     . . .     Faith    +   w - +0 robe "Neorchue" {rC+ rCorr Int+5 Dex-2}
rPois    .         Spirit   .   (no helmet)
rElec    .         Reflect  .   g - +1 cloak
rCorr    +         Harm     .   h - +0 pair of gloves
MR       .....                  (no boots)
Stlth    +++.......             y - amulet of faith
HPRegen  0.23/turn              d - -3 ring of protection (curse)
MPRegen  0.15/turn              (no ring)

@: very slightly contaminated, invisible, very slow
A: distributed training, fangs 1, strong nose
a: Bend Time, Temporal Distortion, Slouch, Renounce Religion


You were on level 9 of the Dungeon.
You worshipped Cheibriados.
Cheibriados was greatly pleased with you.
You were hungry.

You visited 2 branches of the dungeon, and saw 10 of its levels.
You also visited: Sewer.

You collected 467 gold pieces.

Inventory:

Hand Weapons
 a - a +0 long sword
 o - a +1 short sword of venom
 q - the +7 short sword of Animal Spirits {pierce, Int+2}
   (You found it on level 6 of the Dungeon)

   It inflicts extra damage upon your enemies.
   It affects your intelligence (+2).
 C - a +2 spear of venom (weapon)
Armour
 b - a +0 scale mail
 c - a +0 shield (worn)
 e - a +1 robe of the Archmagi
 g - a +1 cloak (worn)
 h - a +0 pair of gloves (worn)
 w - the +0 robe "Neorchue" (worn) {rC+ rCorr Int+5 Dex-2}
   (You found it on level 4 of the Dungeon)

   It affects your intelligence (+5).
   It affects your dexterity (-2).
   It protects you from cold.
   It provides partial protection from all sources of acid and corrosion.
Jewellery
 d - a cursed -3 ring of protection (left hand)
 y - an amulet of faith (around neck)
 B - an uncursed amulet of harm {unknown}
 E - a +3 ring of strength {unknown}
Wands
 r - a wand of polymorph (7)
 v - a wand of iceblast (6)
 G - a wand of flame (23)
Scrolls
 k - 5 scrolls of teleportation
 l - 3 scrolls of enchant weapon
 p - 2 scrolls of enchant armour
 u - 3 scrolls of magic mapping
 A - 2 scrolls of amnesia
 F - 2 scrolls of identify
Potions
 i - 4 potions of curing
 j - 3 potions of heal wounds
 m - a potion of lignification
 n - 3 potions of ambrosia
 s - a potion of mutation {unknown}
 t - a potion of invisibility
 x - 2 potions of brilliance {unknown}
 z - 2 potions of haste {unknown}
 D - a potion of might
Comestibles
 f - 23 rations


   Skills:
 + Level 8.4 Fighting
 + Level 5.2 Short Blades
 + Level 7.0 Long Blades
 + Level 5.2 Axes
 + Level 5.2 Maces & Flails
 + Level 5.2 Polearms
 + Level 5.2 Staves
 + Level 5.2 Slings
 + Level 5.2 Bows
 + Level 5.2 Crossbows
 + Level 5.2 Throwing
 + Level 8.4 Armour
 + Level 5.2 Dodging
 + Level 5.2 Stealth
 + Level 8.4 Shields
 + Level 5.2 Unarmed Combat
 + Level 5.2 Spellcasting
 + Level 4.3 Conjurations
 + Level 4.3 Hexes
 + Level 4.3 Charms
 + Level 4.3 Summonings
 + Level 4.3 Necromancy
 + Level 4.3 Translocations
 + Level 4.3 Transmutations
 + Level 4.3 Fire Magic
 + Level 4.3 Ice Magic
 + Level 4.3 Air Magic
 + Level 4.3 Earth Magic
 + Level 4.3 Poison Magic
 + Level 5.7 Invocations
 + Level 5.2 Evocations


You had 13 spell levels left.
You knew the following spells:

 Your Spells              Type           Power        Failure   Level  Hunger
a - Ignite Poison         Fire/Tmut/Pois ####....     9%          3    #......
b - Mephitic Cloud        Conj/Pois/Air  ####....     9%          3    #......

Your spell library contained the following spells:

 Spells                   Type           Power        Failure   Level  Hunger
 Sting                    Tmut/Pois      ####         3%          1    None
 Poisonous Vapours        Pois/Air       ####..       4%          2    None
 Olgreb's Toxic Radiance  Pois           ####....     28%         4    ###....


Dungeon Overview and Level Annotations

Branches:
Dungeon (9/15)             Temple (1/1) D:4           Sewer (visited)
   Lair: D:8-11         Orc: D:9-12

Altars:
Cheibriados
Dithmenos
Gozag
Hepliaklqana
Kikubaaqudgha
Makhleb
Nemelex Xobeh
Okawaru
Ru
Trog
Uskayaw
Vehumet
Yredelemnul
Zin

Shops:
D:7 (

Annotations:
D:3 2 runed translucent doors, Lanoc's ghost, amateur MfAr


Innate Abilities, Weirdness & Mutations

Your experience applies equally to all skills.
You have very sharp teeth.
Your uncanny sense of smell can sniff out nearby items.


Message History

Attack whom?
Press: ? - help, Dir - move target cursor, f/p - frost giant
Aim: a frost giant, wielding a +0 battleaxe of freezing (heavily wounded)
You barely miss the frost giant.
The frost giant is heavily wounded.
The frost giant hits you with a +0 battleaxe of freezing!!
The frost giant freezes you.
Attack whom?
Press: ? - help, Dir - move target cursor, f/p - frost giant
Aim: a frost giant, wielding a +0 battleaxe of freezing (heavily wounded)
You hit the frost giant.
The frost giant is poisoned.
The frost giant is heavily wounded.
Attack whom?
Press: ? - help, Dir - move target cursor, f/p - frost giant
Aim: a frost giant, wielding a +0 battleaxe of freezing (heavily wounded, very poisoned)
You hit the frost giant.
The frost giant looks as sick as possible!
The frost giant is heavily wounded.
The frost giant hits you with a +0 battleaxe of freezing!!
You die...

#### ##### ...# ##########...##
...# ###........##...## ...#.
##..########.##...## ..... ##...#
##.##...# # #..
##...###########.##..# ###.#
##..### #......###.##.####
....####.###$..#......####.##....
##......##=%...C@⌠..⌠....'....###
###.####[###?..#......####.##..##
....## ##..### #......###.##...#.
###..## ##...###########.##....#.
.##...## ##...# ##.##)).#.#.
.###...## ##..########.##.))##.#.
.# ##...## ###........##...###.#.
.# ##...##############...####.#.
.# #..##...............###.#.#.


You could see a frost giant.

Vanquished Creatures
  Pikel (D:5)
  A troll (D:9)
  A hippogriff (D:9)
  Sigmund (D:3)
  A spriggan (D:7)
  Eustachio (D:5)
  Menkaure (D:5)
  A soldier ant (D:7)
  A water moccasin (D:8)
  An orc warrior (D:9)
  An ice beast (D:7)
  A sky beast (D:5)
  A phantom (D:4)
  An ogre (D:9)
  A centaur (D:8)
  A big kobold (D:9)
  A gnoll sergeant (D:7)
  7 bullfrogs
  2 scorpions
  A wyvern skeleton (D:7)
  5 wights (D:9)
  4 howler monkeys
  A centaur zombie (D:8)
  4 crimson imps
  2 quasits (D:9)
  2 hounds
  2 jellies
  3 orc priests
  3 bullfrog skeletons
  Ijyb (D:3)
  5 orc wizards
  8 worker ants
  A killer bee zombie (D:6)
  A howler monkey zombie (D:8)
  14 gnolls
  17 adders
  3 river rats (D:5)
  A shadow imp (D:8)
  11 oozes (Sewer)
  An adder skeleton (D:5)
  An adder zombie (D:7)
  3 worms
  11 leopard geckos
  23 orcs
  15 ball pythons
  7 bats
  21 giant cockroaches
  7 goblins
  9 hobgoblins
  7 jackals
  3 quokkas
  14 frilled lizards
  A jackal skeleton (D:4)
  9 kobolds
  4 rats
251 creatures vanquished.

Vanquished Creatures (others)
  Edmund (D:5)
  A slave (D:5)
  A jelly (D:5)
  A leopard gecko (D:5)
4 creatures vanquished.

Grand Total: 255 creatures vanquished

Notes
Turn   | Place    | Note
-------+----------+-------------------------------------------
     0 | D:1      | floatRand the Gnoll Fighter began the quest for the Orb.
     0 | D:1      | Reached XP level 1. HP: 23/23 MP: 1/1
    47 | D:1      | Reached XP level 2. HP: 29/29 MP: 2/2
   372 | D:1      | Reached XP level 3. HP: 35/35 MP: 3/3
   854 | D:2      | Reached skill level 1 in Short Blades
   854 | D:2      | Reached skill level 1 in Axes
   854 | D:2      | Reached skill level 1 in Maces & Flails
   854 | D:2      | Reached skill level 1 in Polearms
   854 | D:2      | Reached skill level 1 in Staves
   854 | D:2      | Reached skill level 1 in Slings
   854 | D:2      | Reached skill level 1 in Bows
   854 | D:2      | Reached skill level 1 in Crossbows
   854 | D:2      | Reached skill level 1 in Throwing
   854 | D:2      | Reached skill level 1 in Dodging
   854 | D:2      | Reached skill level 1 in Stealth
   854 | D:2      | Reached skill level 1 in Unarmed Combat
   854 | D:2      | Reached skill level 1 in Spellcasting
   854 | D:2      | Reached skill level 1 in Invocations
   854 | D:2      | Reached skill level 1 in Evocations
   863 | D:2      | Reached XP level 4. HP: 41/41 MP: 3/5
  1445 | D:3      | Reached skill level 1 in Conjurations
  1445 | D:3      | Reached skill level 1 in Hexes
  1445 | D:3      | Reached skill level 1 in Charms
  1445 | D:3      | Reached skill level 1 in Summonings
  1445 | D:3      | Reached skill level 1 in Necromancy
  1445 | D:3      | Reached skill level 1 in Translocations
  1445 | D:3      | Reached skill level 1 in Transmutations
  1445 | D:3      | Reached skill level 1 in Fire Magic
  1445 | D:3      | Reached skill level 1 in Ice Magic
  1445 | D:3      | Reached skill level 1 in Air Magic
  1445 | D:3      | Reached skill level 1 in Earth Magic
  1445 | D:3      | Reached skill level 1 in Poison Magic
  1581 | D:3      | Reached XP level 5. HP: 41/47 MP: 6/6
  1728 | D:3      | Found a runed translucent door.
  1729 | D:3      | Noticed Lanoc's ghost (amateur MfAr)
  1760 | D:3      | Noticed Ijyb
  1793 | D:3      | Killed Ijyb
  1846 | D:3      | Paralysed by a goblin for 3 turns
  1847 | D:3      | Noticed Sigmund
  1857 | D:3      | Paralysed by a goblin for 4 turns
  1876 | D:3      | Killed Sigmund
  1876 | D:3      | Reached skill level 5 in Long Blades
  1876 | D:3      | Reached XP level 6. HP: 12/53 MP: 7/9
  2212 | D:3      | Found a runed translucent door.
  2458 | D:4      | Noticed a phantom
  2459 | D:4      | Found a hide-covered altar of Uskayaw.
  2485 | D:4      | Found a staircase to the Ecumenical Temple.
  2501 | D:4      | Killed a phantom
  2501 | D:4      | Reached XP level 7. HP: 31/59 MP: 10/10
  2516 | Temple   | Entered the Ecumenical Temple
  2581 | Temple   | Became a worshipper of Cheibriados the Contemplative
  2861 | D:4      | Found a basalt altar of Yredelemnul.
  2956 | D:4      | Got a fine robe
  2957 | D:4      | Identified the +0 robe "Neorchue" {rC+ rCorr Int+5 Dex-2}
                  | (You found it on level 4 of the Dungeon)
  3235 | D:5      | Entered Level 5 of the Dungeon
  3308 | D:5      | Noticed Eustachio
  3323 | D:5      | Killed Eustachio
  3324 | D:5      | Noticed Menkaure
  3333 | D:5      | Killed Menkaure
  3333 | D:5      | Reached XP level 8. HP: 12/67 MP: 10/12
  3371 | D:5      | Noticed Pikel
  3403 | D:5      | Killed Pikel
  3441 | D:5      | Found an iron altar of Okawaru.
  3483 | D:5      | Reached * piety under Cheibriados
  3583 | D:5      | Found a glowing drain.
  3601 | Sewer    | Entered a sewer
  3755 | Sewer    | Reached ** piety under Cheibriados
  4021 | Sewer    | Reached *** piety under Cheibriados
  4171 | Sewer    | Reached **** piety under Cheibriados
  4340 | D:5      | Killed Edmund
  4626 | D:5      | Reached XP level 9. HP: 72/72 MP: 14/14
  4885 | D:6      | Identified the +7 short sword of Animal Spirits {pierce,
                  | Int+2} (You found it on level 6 of the Dungeon)
  5206 | D:6      | Reached ***** piety under Cheibriados
  5496 | D:7      | Found Foipig's Weapon Emporium.
  6452 | D:7      | Reached skill level 5 in Invocations
  6962 | D:8      | Reached XP level 10. HP: 70/80 MP: 17/17
  7282 | D:8      | Learned a level 3 spell: Ignite Poison
  7289 | D:8      | Learned a level 3 spell: Mephitic Cloud
  7750 | D:9      | Reached skill level 5 in Short Blades
  7750 | D:9      | Reached skill level 5 in Axes
  7750 | D:9      | Reached skill level 5 in Maces & Flails
  7750 | D:9      | Reached skill level 5 in Polearms
  7750 | D:9      | Reached skill level 5 in Staves
  7750 | D:9      | Reached skill level 5 in Slings
  7750 | D:9      | Reached skill level 5 in Bows
  7750 | D:9      | Reached skill level 5 in Crossbows
  7750 | D:9      | Reached skill level 5 in Throwing
  7750 | D:9      | Reached skill level 5 in Dodging
  7750 | D:9      | Reached skill level 5 in Stealth
  7750 | D:9      | Reached skill level 5 in Unarmed Combat
  7750 | D:9      | Reached skill level 5 in Spellcasting
  7750 | D:9      | Reached skill level 5 in Evocations
  8273 | D:9      | Found a sacrificial altar of Ru.
  8285 | D:9      | Found a sparkling altar of Nemelex Xobeh.
  8319 | D:9      | Found a runed translucent door.
  8334 | D:9      | Noticed a frost giant
  8391 | D:9      | Slain by a frost giant

Levels and vault maps discovered:
D:1:      giann_forest_graveyard, layout_basic
D:2:      minmay_roachtagon, layout_loops_cross
D:3:      layout_rooms, first_ration, ebering_ghost_sewer_f, uniq_ijyb,
          uniq_sigmund
D:4:      layout_cave_pools, kennysheep_mini_moat, overflow_temple_1_default,
          minmay_temple_entry_tees, serial_rivers,
          chequers_serial_rivers_micro_c, chequers_serial_rivers_large_a,
          chequers_serial_rivers_small_3, chequers_serial_rivers_marsh,
          chequers_serial_rivers_micro_d, chequers_serial_rivers_micro_a,
          hangedman_decor_growths, minmay_vboxes
D:5:      layout_basic, lemuel_crystal_altar, portal_sewer_entry_e, uniq_edmund,
          uniq_pikel, uniq_eustachio, uniq_menkaure
D:6:      layout_loops_cross
D:7:      layout_gridville, serial_shops, nicolae_shop_statue_plus, the_bakery
D:8:      layout_basic
D:9:      layout_basic, amethyst_overflow_temple_binary, wad_hexagon
Temple:   minmay_crystal_spiral_temple

Skill      XL: |  1  2  3  4  5  6  7  8  9 10 |
---------------+-------------------------------+-----
Short Blades   | 1 2 3 4 5 |  5.2
Axes           | 1 2 3 4 5 |  5.2
Maces & Flails | 1 2 3 4 5 |  5.2
Polearms       | 1 2 3 4 5 |  5.2
Staves         | 1 2 3 4 5 |  5.2
Slings         | 1 2 3 4 5 |  5.2
Bows           | 1 2 3 4 5 |  5.2
Crossbows      | 1 2 3 4 5 |  5.2
Throwing       | 1 2 3 4 5 |  5.2
Dodging        | 1 2 3 4 5 |  5.2
Stealth        | 1 2 3 4 5 |  5.2
Unarmed Combat | 1 2 3 4 5 |  5.2
Spellcasting   | 1 2 3 4 5 |  5.2
Invocations    | 1 2 3 4 5 |  5.7
Evocations     | 1 2 3 4 5 |  5.2
Conjurations   | 1 2 3 4 |  4.3
Hexes          | 1 2 3 4 |  4.3
Charms         | 1 2 3 4 |  4.3
Summonings     | 1 2 3 4 |  4.3
Necromancy     | 1 2 3 4 |  4.3
Translocations | 1 2 3 4 |  4.3
Transmutations | 1 2 3 4 |  4.3
Fire Magic     | 1 2 3 4 |  4.3
Ice Magic      | 1 2 3 4 |  4.3
Air Magic      | 1 2 3 4 |  4.3
Earth Magic    | 1 2 3 4 |  4.3
Poison Magic   | 1 2 3 4 |  4.3
Long Blades    | 5 6 7 |  7.0
Fighting       | 7 8 |  8.4
Armour         | 7 8 |  8.4
Shields        | 7 8 |  8.4

Action                   |  1- 3 |  4- 6 |  7- 9 | 10-12 || total
-------------------------+-------+-------+-------+-------++-------
Melee: Long sword        |    59 |    50 |       |       ||   109
       Bite              |     6 |    19 |    87 |    23 ||   135
       Short sword       |       |   101 |   387 |       ||   488
       Spear             |       |       |   100 |   156 ||   256
Invok: Slouch            |       |       |     1 |     3 ||     4
Evoke: Wand              |       |       |     3 |       ||     3
  Use: Scroll            |       |     6 |    12 |     3 ||    21
       Potion            |       |     1 |     1 |     1 ||     3
 Stab: Distracted        |       |       |     1 |       ||     1
       Sleeping          |       |       |     7 |     5 ||    12
  Eat: Chunk             |       |     5 |    11 |     2 ||    18
Armor: Scale mail        |    20 |    65 |   124 |    11 ||   220
       Robe              |       |       |       |     9 ||     9
Dodge: Dodged            |    17 |    53 |   192 |    53 ||   315
Block: Shield            |    33 |    76 |   339 |    91 ||   539
       Rpst.: Long sword |     6 |     8 |       |       ||    14

Table legend:
 A = Non-vault XP
 B = Vault XP
 C = Vault XP percentage of total XP
 D = Non-vault monster count
 E = Vault monster count
 F = Vault count percentage of total count
                 A         B        C        D         E       F
            +---------+---------+-------+---------+---------+-------
      Total |    4313 |    2449 |  36.2 |     162 |      88 |  35.2
            +---------+---------+-------+---------+---------+-------
        D:1 |      36 |       0 |   0.0 |      14 |       0 |   0.0
        D:2 |      58 |      20 |  25.6 |      13 |      10 |  43.5
        D:3 |     108 |     278 |  72.0 |      21 |       2 |   8.7
        D:4 |     177 |     155 |  46.7 |       9 |       5 |  35.7
        D:5 |     272 |    1046 |  79.4 |      11 |      11 |  50.0
        D:6 |     465 |       0 |   0.0 |      16 |       0 |   0.0
        D:7 |    1210 |     229 |  15.9 |      30 |       1 |   3.2
        D:8 |     757 |       0 |   0.0 |      15 |       0 |   0.0
        D:9 |    1230 |     395 |  24.3 |      33 |       3 |   8.3
      Sewer |       0 |     326 | 100.0 |       0 |      56 | 100.0
            +---------+---------+-------+---------+---------+-------
